 Dungeon Crawl Stone Soup version 0.31-a0-986-g5e6e4ef867 (webtiles) character file.

Game seed: 9862941365116803934

265570 gelatine the Marksdemonspawn (level 19, -35/124 HPs)
             Began as a Demonspawn Hunter on Nov 10, 2023.
             Was a High Priest of Qazlal.
             Annihilated by a rockslime (50 damage)
             ... on level 3 of the Pits of Slime on Nov 11, 2023.
             The game lasted 02:32:38 (36852 turns).

gelatine the Marksdemonspawn (Demonspawn Hunter)   Turns: 36852, Time: 02:32:39

Health: -35/124    AC: 17    Str: 10    XL:     19   Next: 30%
Magic:  0/24       EV: 16    Int: 14    God:    Qazlal [*****.]
Gold:   2153       SH:  0    Dex: 23    Spells: 25/31 levels left

rFire   . . .        W - +1 hand cannon (elec)
rCold   . . .        D - +1 kite shield {reflect}
rNeg    . . .        s - +4 ring mail "Qeces" {rElec Int+4}
rPois   +            (helmet restricted)
rElec   +            (cloak unavailable)
rCorr   +            z - +2 pair of gloves {Stlth+}
SInv    .            k - +2 pair of boots
Will    +....        T - amulet of guardian spirit
Stlth   +            F - ring of poison resistance
HPRegen 0.40/turn    L - ring of resist corrosion
MPRegen 0.19/turn

%: repel missiles, reflection, guardian spirit
@: confused, sanguine armoured, fragile, invisible, corroded
A: powered by death 2, spiny 1, augmentation 3, sanguine armour 3, weakness
stinger 3, antennae 1, talons 1, dopey 1, frail 2, low MP 2, weak 1, subdued
magic 1, devolution 1
}: 2/15 runes: decaying, serpentine
a: Renounce Religion, Upheaval, Elemental Force, Disaster Area


You were on level 3 of the Pits of Slime.
You worshipped Qazlal.
Qazlal was extremely pleased with you.
You visited 8 branches of the dungeon, and saw 36 of its levels.
You visited the Abyss 1 time.

You collected 2608 gold pieces.
You spent 455 gold pieces at shops.

Inventory:

Hand Weapons
 U - the +5 sling "Demmy" {speed, rF+ Int+2 Stlth+}
   (You bought it in a shop on level 2 of the Orcish Mines)

   Int+2:     It affects your intelligence (+2).
   rF+:       It protects you from fire.
   Stlth+:    It makes you more stealthy.
 W - a +1 hand cannon of electrocution (weapon)
Armour
 k - a +2 pair of boots (worn)
 s - the +4 ring mail "Qeces" (worn) {rElec Int+4}
   (You found it on level 10 of the Dungeon)

   Int+4:     It affects your intelligence (+4).
   rElec:     It insulates you from electricity.
 v - a +1 helmet
 z - a +2 pair of gloves of stealth (worn)
 B - +0 pearl dragon scales
 D - a +1 kite shield of reflection (worn)
 O - +0 swamp dragon scales
 Q - a +1 scale mail of cold resistance
 V - a +2 leather armour of poison resistance
Jewellery
 c - a ring of positive energy
 g - a ring of see invisible
 p - a +5 ring of evasion
 x - a ring of flight
 C - a ring of protection from fire
 E - a ring of protection from fire
 F - a ring of poison resistance (left hand)
 H - a +5 ring of evasion
 L - a ring of resist corrosion (right hand)
 T - an amulet of guardian spirit (around neck)
Wands
 i - a wand of mindburst (46)
 K - a wand of light (6)
 M - a wand of paralysis (24)
 Z - a wand of digging (8)
Scrolls
 b - 2 scrolls of butterflies
 e - 6 scrolls of teleportation
 h - 2 scrolls of torment
 n - 4 scrolls of fog
 r - 3 scrolls of vulnerability
 y - 2 scrolls of immolation
 A - 2 scrolls of silence
 N - 2 scrolls of fear
 P - 3 scrolls of poison
 S - a scroll of revelation
 X - 2 scrolls of blinking
Potions
 d - 4 potions of attraction
 j - 5 potions of curing
 l - a potion of magic
 q - 3 potions of ambrosia
 u - a potion of cancellation
 w - 2 potions of resistance
 G - a potion of might
 I - 5 potions of enlightenment
 J - 3 potions of haste
Miscellaneous
 a - a phial of floods
 f - a lightning rod (4/4)
 m - a box of beasts
 R - a tin of tremorstones (2/2)


   Skills:
 + Level 15.6 Fighting
 * Level 16.8 Ranged Weapons
 + Level 8.7 Armour
 + Level 9.9 Dodging
 + Level 4.1 Stealth
 * Level 14.3 Shields
 + Level 0.3 Unarmed Combat
 + Level 6.6 Spellcasting
 + Level 4.5 Hexes
 + Level 4.6 Translocations
 + Level 5.5 Transmutations
 + Level 16.0 Invocations
 + Level 4.7 Evocations


You had 25 spell levels left.
You knew the following spells:

 Your Spells              Type           Power      Damage    Failure   Level
a - Wereblood             Tmut           15%        N/A       9%          2
b - Dimensional Bullseye  Hex/Tloc       6%         N/A       69%         4

Your spell library contained the following spells:

 Spells                   Type           Power      Damage    Failure   Level
 Slow                     Hex            52%        N/A       9%          1
 Lesser Beckoning         Tloc           26%        N/A       13%         2
 Confusing Touch          Hex            13%        N/A       28%         3
 Gell's Gravitas          Tloc           13%        N/A       28%         3
 Sigil of Binding         Hex            13%        N/A       28%         3
 Teleport Other           Tloc           13%        N/A       28%         3
 Tukima's Dance           Hex            13%        N/A       28%         3
 Freeze                   Ice            12%        1d3       54%         1
 Magic Dart               Conj           12%        1d3       54%         1
 Dazzling Flash           Conj/Hex       16%        N/A       61%         3
 Manifold Assault         Tloc           13%        N/A       67%         4
 Passage of Golubria      Tloc           13%        N/A       67%         4
 Call Imp                 Summ           6%         N/A       69%         2
 Sublimation of Blood     Necr           3%         N/A       69%         2
 Call Canine Familiar     Summ           3%         N/A       89%         3
 Frozen Ramparts          Ice            6%         1d1       89%         3
 Hailstorm                Conj/Ice       3%         3d3       89%         3
 Mephitic Cloud           Conj/Pois/Air  3%         N/A       89%         3
 Ozocubu's Armour         Ice            3%         N/A       89%         3
 Vampiric Draining        Necr           3%         2d6       89%         3
 Petrify                  Tmut/Erth      9%         N/A       90%         4
 Iskenderun's Mystic Bla  Conj/Tloc      8%         2d4       94%         4
 Leda's Liquefaction      Hex/Erth       4%         N/A       95%         4
 Irradiate                Conj/Tmut      4%         3d13      99%         5
 Animate Dead             Necr           3%         N/A       100%        4
 Agony                    Necr           3%         N/A       100%        5
 Metabolic Englaciation   Hex/Ice        4%         N/A       100%        5
 Silence                  Hex/Air        4%         N/A       100%        5
 Summon Forest            Summ/Tloc      4%         N/A       100%        5
 Conjure Ball Lightning   Conj/Air       1%         3x3d6     100%        6
 Dispersal                Tloc           6%         N/A       100%        6
 Eringya's Noxious Bog    Tmut/Pois      4%         4d6       100%        6
 Haunt                    Necr/Summ      1%         N/A       100%        7
 Ozocubu's Refrigeration  Ice            1%         4d7       100%        7
 Summon Hydra             Summ           1%         N/A       100%        7
 Discord                  Hex            6%         N/A       100%        8
 Disjunction              Tloc           6%         N/A       100%        8
 Infestation              Necr           1%         N/A       100%        8
 Lehudib's Crystal Spear  Conj/Erth      1%         10d2      100%        8
 Chain Lightning          Conj/Air       1%         3d2       100%        9
 Fire Storm               Conj/Fire      1%         8d1       100%        9
 Shatter                  Erth           1%         3d6*      100%        9


Dungeon Overview and Level Annotations

Branches:
Dungeon (15/15)            Temple (1/1) D:4            Lair (5/5) D:11
  Swamp (4/4) Lair:2        Snake (4/4) Lair:3        Slime (4/5) Lair:4
    Orc (2/2) D:12            Elf (1/3) Orc:2        Vaults (0/5) D:13
 Depths (0/4) D:15

Altars:
Ashenzari
Cheibriados
Dithmenos
Fedhas
Gozag
Hepliaklqana
Kikubaaqudgha
Makhleb
Nemelex Xobeh
Okawaru
Qazlal
Ru
Sif Muna
Trog
Uskayaw
Vehumet
Wu Jian
Xom
Yredelemnul

Shops:
D:7 :   D:12 ?   Orc:2 (=([   Elf:1 ([=!(   Snake:2 [*


Innate Abilities, Weirdness & Mutations

You regenerate health from kills.
You are partially covered in sharp spines.
Your magical and physical power is greatly enhanced at high health.
When seriously injured, your blood forms very thick armour. (AC +12)
You have a sharp stinger which inflicts weakening toxins.
You have a pair of small antennae on your head.
You have sharp toenails.
You are dopey. (Int -2)
You are very frail. (-20% HP)
Your magical capacity is very low. (-20% MP)
You are weak. (Str -2)
Your spells are a little easier to cast, but a little less powerful.
You have hidden genetic defects.


Message History

The golden eye blinks!
The glass eye is engulfed in blazing flames.
The golden eye blinks at you. You resist with almost no effort.
You feel better.
The golden eye blinks!
The acid blob is struck by your spines. The acid blob hits you.
You are splashed with acid.
You resist. The rockslime is struck by your spines. The rockslime hits you!!
* * * LOW HITPOINT WARNING * * *
You stumble backwards!
Acid dripping from the walls corrodes you.
The golden eye is engulfed in blazing flames.
The golden eye blinks at you.
You are confused.
The slime creature is engulfed in blazing flames.
The slime creature barely misses you. The glass eye gazes at you.
You feel your fragility will last longer.
You fade into invisibility!
The golden eye blinks at you.
You are more confused.
The golden eye blinks at you.
You are more confused.
The golden eye blinks!
The rockslime hits you!
* * * LOW HITPOINT WARNING * * *
You hold your ground!
The golden eye blinks at you.
The slime creature is engulfed in blazing flames.
The slime creature is struck by your spines.
The slime creature hits you.
* * * LOW HITPOINT WARNING * * *
The golden eye blinks at you.
The glass eye is engulfed in freezing vapours.
The glass eye gazes at you.
You feel your fragility will last longer.
Two slime creatures merge to form a large slime creature.
You feel better. The golden eye blinks at you.
You are confused.
The golden eye blinks!
The rockslime hits you!!!
You die...

# ... #...##.
............
...#.........
............
.....§.....
#..........
#..○§.....# .
{#@J.G.G....
...{#JJG○......
<.J...G.G....§.§
...J...J..G.....
................
........#...^...
.........#......
...##.... .....#
..# ###.# ....#.


You could see 2 acid blobs, a large slime creature (unable to see you), a
rockslime, 2 glass eyes and 4 golden eyes.

Vanquished Creatures
  Dissolution (Slime:3)
  Mara (Swamp:3)
  the Lernaean hydra (Swamp:4)
  Vashnia (Snake:4)
  The ghost of Skeral the Brawler, an adept TrAr of Wu Jian (Snake:1)
  2 acid blobs
  Kirke (Swamp:1)
  Aizul (Elf:1)
  4 fenstrider witches
  Donald (Swamp:3)
  5 azure jellies
  6 nagarajas
  A deep elf sorcerer (Elf:1)
  A ghoul (Swamp:4)
  3 formless jellyfish (Slime:1)
  3 quicksilver oozes
  5 eleionomae
  A deep elf annihilator (Elf:1)
  5 bunyips
  An ettin (D:15)
  A shambling mangrove (Swamp:3)
  15 hydras
  2 vault guards (D:13)
  4 salamander tyrants
  A great orb of eyes (Slime:1)
  3 catoblepae
  5 ogre magi
  5 centaur warriors
  7 anacondas
  18 death yaks
  6 alligators
  5 boulder beetles
  14 two-headed ogres
  A tengu warrior (D:14)
  22 naga warriors
  7 shock serpents
  An occultist (D:14)
  3 dancing weapons (Elf:1)
  8 spriggans
  Sonja (Lair:1)
  2 deep elf knights (Elf:1)
  15 naga sharpshooters
  A sixfirhy (Abyss:2)
  4 skysharks (Lair:5)
  Amaemon (Lair:2)
  3 goliath frogs
  A glowing orange brain (shapeshifter) (Elf:1)
  3 salamander mystics
  7 naga ritualists
  10 swamp dragons
  5 spriggan druids
  3 bog bodies
  7 deep elf archers (Elf:1)
  4 orc knights
  12 deep elf zephyrmancers (Elf:1)
  11 deep elf pyromancers
  2 will-o-the-wisps
  A necromancer (Swamp:1)
  10 mana vipers
  A stone giant zombie (Abyss:2)
  A cyclops (shapeshifter) (Elf:1)
  6 cyclopes
  3 manticores
  An alligator zombie (Swamp:2)
  16 salamanders
  3 shining eyes
  2 large abominations (Abyss:2)
  17 naga magi
  46 black mambas
  37 elephants
  7 guardian serpents
  4 gargoyles
  An eye of devastation (Slime:4)
  14 cane toads
  2 orange demons
  A torpor snail (Lair:4)
  2 rime drakes
  7 komodo dragons
  An unseen horror (D:9)
  An ice devil (Abyss:2)
  An ancient zyme (Abyss:2)
  6 trolls
  2 tengu conjurers
  A bloated husk (Swamp:4)
  13 hornets
  3 meliai (D:10)
  3 polar bears
  6 tyrant leeches
  23 blink frogs
  5 dream sheep (Lair:4)
  22 slime creatures
  2 air elementals (Elf:1)
  5 small abominations (Abyss:2)
  A shadow (D:8)
  A centaur simulacrum (D:14)
  A water elemental (Elf:1)
  2 wraiths
  21 yaks
  A hog (Swamp:1)
  3 wyverns
  13 humans
  5 basilisks
  A ynoxinul (Abyss:2)
  3 fire elementals (Elf:1)
  3 steam dragons
  A chaos spawn (Abyss:2)
  28 vampire mosquitoes
  50 nagas
  5 wargs
  13 swamp worms
  Duvessa (D:6)
  20 water moccasins
  19 orc warriors
  14 swamp drakes
  2 swamp dragon zombies (Swamp:2)
  2 ice beasts
  A black bear (Lair:2)
  27 ogres
  5 centaurs (D:12)
  3 wolves
  A phantom (D:4)
  2 kobold brigands (D:12)
  12 bullfrogs
  2 earth elementals (Elf:1)
  2 necrophages
  2 gnoll sergeants
  4 scorpions
  Dowan (D:6)
  11 wights
  9 killer bees
  10 howler monkeys
  A swamp dragon simulacrum (Swamp:2)
  The ghost of BadtimePacifist the Cutter, a weakling GrGl of Ignis (D:3)
  A crimson imp (D:14)
  16 jellies
  A quasit (Abyss:2)
  2 hounds
  5 orc priests
  An iron imp (Abyss:2)
  A sleepcap (D:5)
  2 iguanas
  Natasha (thrice) (D:4)
  14 orc wizards
  5 hell rats (Lair:2)
  15 gnolls
  8 river rats (Lair:2)
  6 adders
  2 white imps
  2 ufetubi (D:7)
  2 worms
  3 dart slugs
  53 orcs
  9 ball pythons
  4 bats
  8 endoplasms
  5 giant cockroaches
  6 goblins
  2 hobgoblins
  4 jackals (D:1)
  8 quokkas
  3 frilled lizards
  5 kobolds
  16 rats
  A butterfly (Lair:3)
  2 starspawn tentacles (Abyss:2)
1060 creatures vanquished.

Vanquished Creatures (collateral kills)
  A vampire knight (D:13)
  A deep troll earth mage (D:13)
  A shock serpent (Snake:4)
  2 nagas
5 creatures vanquished.

Vanquished Creatures (others)
  2 vault guards (D:13)
  A deep elf knight (Elf:1)
  A will-o-the-wisp (Swamp:1)
  A bloated husk (Swamp:2)
  3 humans
  A vampire mosquito (Swamp:2)
  34 foxfires
  32 starspawn tentacles (Abyss:2)
75 creatures vanquished.

Grand Total: 1140 creatures vanquished

Notes
Turn   | Place    | Note
-------+----------+-------------------------------------------
     0 | D:1      | gelatine the Demonspawn Hunter began the quest for the Orb.
     0 | D:1      | Reached XP level 1. HP: 16/16 MP: 1/1
   152 | D:1      | Gained mutation: When seriously injured, your blood forms
                  | armour. (AC +12) [demonic ancestry]
   152 | D:1      | Reached XP level 2. HP: 22/22 MP: 2/2
   841 | D:2      | Gained mutation: When seriously injured, your blood forms
                  | thick armour. (AC +12) [demonic ancestry]
   841 | D:2      | Reached XP level 3. HP: 27/27 MP: 3/3
   937 | D:2      | Gained mutation: You regenerate a little health from kills.
                  | [demonic ancestry]
   937 | D:2      | Reached XP level 4. HP: 33/33 MP: 4/4
  1017 | D:2      | Reached skill level 5 in Ranged Weapons
  1126 | D:2      | Found an ancient bone altar of Kikubaaqudgha.
  1239 | D:2      | Identified the +2 dagger of Greed {heavy, Dex+3}
  1460 | D:2      | Learned a level 2 spell: Wereblood
  1618 | D:3      | Found a runed translucent gate.
  1622 | D:3      | Found a runed translucent gate.
  1626 | D:3      | Found a runed translucent gate.
  1630 | D:3      | Noticed BadtimePacifist's ghost (weakling GrGl)
  1721 | D:3      | Gained mutation: You have a small tail. [demonic ancestry]
  1721 | D:3      | Reached XP level 5. HP: 39/39 MP: 5/5
  2365 | D:3      | Reached skill level 1 in Evocations
  2516 | D:4      | Found a staircase to the Ecumenical Temple.
  2526 | Temple   | Entered the Ecumenical Temple
  2535 | Temple   | Became a worshipper of Qazlal Stormbringer
  2553 | D:4      | Reached skill level 1 in Spellcasting
  2585 | D:4      | Reached skill level 1 in Stealth
  2585 | D:4      | Reached skill level 1 in Transmutations
  2585 | D:4      | Gained mutation: When seriously injured, your blood forms
                  | very thick armour. (AC +12) [demonic ancestry]
  2585 | D:4      | Reached XP level 6. HP: 44/46 MP: 7/7
  2641 | D:4      | Reached skill level 1 in Armour
  2761 | D:4      | Found a broken altar of Ashenzari.
  2842 | D:4      | Noticed Natasha
  2848 | D:4      | Killed Natasha
  2887 | D:4      | Noticed Natasha
  3094 | D:4      | Killed Natasha
  3138 | D:4      | Noticed Natasha
  3142 | D:4      | Killed Natasha
  3143 | D:4      | Gained mutation: You are partially covered in sharp spines.
                  | [demonic ancestry]
  3143 | D:4      | Reached XP level 7. HP: 51/51 MP: 8/8
  3165 | D:5      | Entered Level 5 of the Dungeon
  3675 | D:5      | Found a radiant altar of Vehumet.
  4606 | D:6      | Noticed Duvessa
  4606 | D:6      | Noticed Dowan
  4630 | D:6      | Killed Duvessa
  4632 | D:6      | Killed Dowan
  4633 | D:6      | Gained mutation: You have a tail ending in a sharp stinger.
                  | [demonic ancestry]
  4633 | D:6      | Reached XP level 8. HP: 33/58 MP: 8/10
  5140 | D:7      | Found a sacrificial altar of Ru.
  5506 | D:7      | Found Deen's Vocational Training.
  5637 | D:8      | Found an iron altar of Okawaru.
  6187 | D:8      | Reached * piety under Qazlal
  6514 | D:9      | Killed an unseen horror
  6515 | D:9      | Gained mutation: Your magical and physical power is
                  | slightly enhanced at high health. [demonic ancestry]
  6515 | D:9      | Reached XP level 9. HP: 53/67 MP: 12/12
  6595 | D:9      | Noticed a boulder beetle
  6595 | D:9      | Noticed a manticore
  6595 | D:9      | Noticed a gargoyle
  6640 | D:9      | Reached skill level 5 in Fighting
  6677 | D:9      | Reached ** piety under Qazlal
  6773 | D:9      | Reached skill level 10 in Ranged Weapons
  6902 | D:9      | Found an ornate altar of the Wu Jian Council.
  6998 | D:9      | Reached XP level 10. HP: 61/76 MP: 14/14
  7196 | D:9      | Found an ancient bone altar of Kikubaaqudgha.
  7219 | D:9      | Found a bloodstained altar of Trog.
  7280 | D:9      | Killed a manticore
  7448 | D:9      | Killed a gargoyle
  7455 | D:9      | Killed a boulder beetle
  7607 | D:9      | Noticed an orc knight
  7607 | D:9      | Noticed a boulder beetle
  7661 | D:9      | Killed an orc knight
  7935 | D:9      | Killed a boulder beetle
  8041 | D:9      | Gained mutation: You are somewhat resistant to further
                  | mutation. [potion of mutation]
  8042 | D:9      | Lost mutation: You are somewhat resistant to further
                  | mutation. [potion of mutation]
  8042 | D:9      | Gained mutation: You have a pair of small antennae on your
                  | head. [potion of mutation]
  8043 | D:9      | Lost mutation: You have a pair of small antennae on your
                  | head. [potion of mutation]
  8043 | D:9      | Gained mutation: Your skin changes colour to match your
                  | surroundings (Stealth+). [potion of mutation]
  8043 | D:9      | Gained mutation: You are strong-willed. (Will+) [potion of
                  | mutation]
  8043 | D:9      | Gained mutation: Your body sometimes deteriorates upon
                  | taking damage. [potion of mutation]
  8044 | D:9      | Lost mutation: Your skin changes colour to match your
                  | surroundings (Stealth+). [potion of mutation]
  8044 | D:9      | Lost mutation: You are strong-willed. (Will+) [potion of
                  | mutation]
  8044 | D:9      | Gained mutation: You occasionally shout uncontrollably at
                  | your foes. [potion of mutation]
  8044 | D:9      | Lost mutation: Your body sometimes deteriorates upon taking
                  | damage. [potion of mutation]
  8044 | D:9      | Gained mutation: You passively map a small area around you.
                  | [potion of mutation]
  8046 | D:10     | Entered Level 10 of the Dungeon
  8121 | D:10     | Noticed a two-headed ogre
  8133 | D:10     | Killed a two-headed ogre
  8254 | D:10     | Identified the +4 ring mail "Qeces" {rElec Int+4}
  8533 | D:10     | Reached skill level 1 in Shields
  8804 | D:10     | Gained mutation: Your magical and physical power is
                  | enhanced at high health. [demonic ancestry]
  8804 | D:10     | Reached XP level 11. HP: 64/85 MP: 8/15
  8810 | D:10     | Reached *** piety under Qazlal
  8959 | D:10     | Found a large runed translucent door.
  8959 | D:10     | Found a large runed translucent door.
  9064 | D:10     | Noticed a centaur warrior
  9072 | D:10     | Noticed a naga warrior
  9091 | D:10     | Noticed a two-headed ogre
  9103 | D:10     | Killed a two-headed ogre
  9407 | D:11     | Noticed a death yak
  9427 | D:11     | Killed a death yak
  9475 | D:11     | Noticed a death yak
  9491 | D:11     | Killed a death yak
  9491 | D:11     | Noticed a death yak
  9492 | D:11     | Reached skill level 1 in Invocations
  9498 | D:11     | Noticed a death yak
  9499 | D:11     | Noticed a death yak
  9527 | D:11     | Killed a death yak
 10004 | D:11     | Found a staircase to the Lair.
 10086 | D:11     | Killed a death yak
 10102 | D:11     | Killed a death yak
 10330 | D:11     | Noticed a boulder beetle
 10630 | D:11     | Killed a boulder beetle
 11144 | Lair:1   | Entered Level 1 of the Lair of Beasts
 11223 | Lair:1   | Noticed Sonja
 11233 | Lair:1   | Killed Sonja
 11469 | Lair:1   | Reached XP level 12. HP: 94/94 MP: 15/17
 11852 | Lair:1   | Reached skill level 5 in Dodging
 11852 | Lair:1   | Reached skill level 5 in Shields
 11852 | Lair:1   | Gained mutation: Your magical and physical power is greatly
                  | enhanced at high health. [demonic ancestry]
 11852 | Lair:1   | Reached XP level 13. HP: 101/101 MP: 17/19
 12270 | Lair:2   | Reached **** piety under Qazlal
 12938 | Lair:2   | Reached skill level 5 in Armour
 13485 | Lair:2   | Reached skill level 10 in Fighting
 13528 | Lair:2   | Found a staircase to the Swamp.
 13842 | D:3      | Killed BadtimePacifist's ghost
 14020 | D:10     | Found an iron altar of Okawaru.
 14020 | D:10     | Found an iron altar of Okawaru.
 14590 | Lair:3   | Noticed Amaemon
 14761 | Lair:2   | Gained mutation: You regenerate health from kills. [demonic
                  | ancestry]
 14761 | Lair:2   | Reached XP level 14. HP: 108/110 MP: 16/21
 14780 | Lair:2   | Killed Amaemon
 15162 | Lair:3   | Reached ***** piety under Qazlal
 15408 | Lair:3   | Reached skill level 5 in Spellcasting
 15470 | Lair:3   | Found a staircase to the Snake Pit.
 16271 | Lair:4   | Reached skill level 10 in Invocations
 16342 | Lair:4   | Found a staircase to the Slime Pits.
 16715 | Lair:4   | Found an ornate altar of the Wu Jian Council.
 16904 | Lair:5   | Entered Level 5 of the Lair of Beasts
 17377 | Lair:5   | Reached XP level 15. HP: 120/120 MP: 23/23
 17752 | Lair:5   | Identified the +1 long sword of Locus Delicti {heavy,
                  | +Blink Int-3 Dex+3 SInv}
 18155 | Swamp:1  | Entered Level 1 of the Swamp
 18203 | Swamp:1  | Noticed a fenstrider witch
 18220 | Swamp:1  | Reached ****** piety under Qazlal
 18221 | Swamp:1  | Killed a fenstrider witch
 18709 | Swamp:1  | Noticed Kirke
 18735 | Swamp:1  | Killed Kirke
 18931 | Swamp:1  | Noticed a fenstrider witch
 18944 | Swamp:1  | Paralysed by a fenstrider witch for 2 turns
 18946 | Swamp:1  | Killed a fenstrider witch
 19291 | Swamp:2  | Noticed a fenstrider witch
 19304 | Swamp:1  | Paralysed by a fenstrider witch for 4 turns
 19311 | Swamp:1  | Paralysed by a fenstrider witch for 5 turns
 19316 | Swamp:1  | HP: 6/121 [fenstrider witch/toxic bog (7)]
 19570 | Swamp:1  | Killed a fenstrider witch
 20593 | D:12     | Reached skill level 10 in Shields
 20624 | D:12     | Found Kita's Magic Scroll Shop.
 20629 | D:12     | Bought a scroll of fear for 68 gold pieces
 20629 | D:12     | Bought a scroll of enchant armour for 127 gold pieces
 20756 | D:12     | Found a staircase to the Orcish Mines.
 21552 | D:13     | Reached skill level 5 in Transmutations
 21870 | D:13     | Identified the +9 great sword "Qenuroag" {flame, Str+5
                  | Stlth+}
 21901 | D:13     | Found a gate to the Vaults.
 22392 | D:14     | Reached XP level 16. HP: 115/130 MP: 21/25
 22424 | D:14     | Found a blossoming altar of Fedhas.
 23189 | D:15     | Entered Level 15 of the Dungeon
 23216 | Abyss:2  | Cast into level 2 of the Abyss (an occultist)
 23282 | Abyss:2  | Found a corrupted altar of Lugonu.
 23388 | Abyss:2  | Noticed a bone dragon
 23390 | Abyss:2  | Gained mutation: You frequently scream uncontrollably at
                  | your foes. [a cacodemon]
 23418 | Abyss:2  | Noticed a tentacled starspawn
 23449 | Abyss:2  | Noticed a tentacled starspawn
 23471 | Abyss:2  | Noticed a tentacled starspawn
 23633 | D:15     | Escaped the Abyss
 23637 | D:14     | HP: 6/131 [tree collision (18)]
 24152 | Snake:1  | Entered Level 1 of the Snake Pit
 24334 | Lair:3   | Lost mutation: You passively map a small area around you.
                  | [potion of mutation]
 24334 | Lair:3   | Lost mutation: You frequently scream uncontrollably at your
                  | foes. [potion of mutation]
 24334 | Lair:3   | Gained mutation: You have hidden genetic defects. [potion
                  | of mutation]
 24334 | Lair:3   | Gained mutation: You expend magic power (3 MP) to
                  | strengthen your wands. [potion of mutation]
 25184 | Snake:1  | Noticed Skeral's ghost (adept TrAr)
 25218 | Snake:1  | Found a runed translucent door.
 25629 | Snake:1  | Killed Skeral's ghost
 25931 | Snake:2  | Gained mutation: You have terrible hidden genetic defects.
                  | [hidden defects]
 26064 | Snake:2  | Learned a level 4 spell: Dimensional Bullseye
 26123 | Snake:2  | Found Veli's Antique Armour Shop.
 26333 | Snake:2  | Found Jylenye's Assorted Antiques.
 26423 | Snake:2  | Reached skill level 1 in Hexes
 26429 | Snake:2  | Reached skill level 1 in Translocations
 27464 | Orc:1    | Entered Level 1 of the Orcish Mines
 27506 | Orc:1    | Gained mutation: You are weak. (Str -2) [hidden defects]
 27506 | Orc:1    | Lost mutation: You have terrible hidden genetic defects.
                  | [hidden defects expressed]
 27695 | Orc:2    | Entered Level 2 of the Orcish Mines
 27718 | Orc:2    | Found a staircase to the Elven Halls.
 27790 | Orc:2    | Paralysed by something for 5 turns
 27794 | Orc:2    | Reached XP level 17. HP: 139/139 MP: 24/27
 27871 | Orc:2    | Gained mutation: You are very weak. (Str -4) [hidden
                  | defects]
 28114 | Orc:2    | Found Ikhladum's Jewellery Shop.
 28114 | Orc:2    | Found Lacaatur's Antique Armour Shoppe.
 28115 | Orc:2    | Found Weimeus's Antique Weapon Emporium.
 28115 | Orc:2    | Found Leih's Weapon Shop.
 28123 | Orc:2    | Bought a brightly glowing sling for 143 gold pieces
 28123 | Orc:2    | Identified the +5 sling "Demmy" {speed, rF+ Int+2 Stlth+}
                  | (You bought it in a shop on level 2 of the Orcish Mines)
 28124 | Orc:2    | Bought a +0 hand cannon of electrocution for 117 gold
                  | pieces
 28540 | Desolati | Identified the "Gannacs"
 28540 | Desolati | Identified the "Piph"
 28540 | Vaults:2 | Identified the of Qilan
 28540 | Crypt:3  | Identified the "Qutt"
 28540 | Depths:4 | Identified the of Jept
 28540 | Elf:1    | Entered Level 1 of the Elven Halls
 28783 | Elf:1    | Identified the serpent talisman "Haaheap" {rF+}
 28783 | Elf:1    | Noticed Aizul
 28811 | Elf:1    | Killed Aizul
 28938 | Elf:1    | Reached skill level 15 in Invocations
 29100 | Elf:1    | Found Gamen's Jewellery Shoppe.
 29118 | Elf:1    | Found Qiginiw's Antique Armour Shop.
 29208 | Elf:1    | Gained mutation: Your magical capacity is low. (-10% MP)
                  | [hidden defects]
 29208 | Elf:1    | Lost mutation: You have hidden genetic defects. [hidden
                  | defects expressed]
 29541 | Elf:1    | Found Maocwuis's Distillery.
 29673 | Elf:1    | Found Vunkewnu's Antique Weapon Boutique.
 30047 | Elf:1    | Found Kuzxef's Weapon Emporium.
 31218 | Snake:4  | Entered Level 4 of the Snake Pit
 31437 | Snake:4  | Reached XP level 18. HP: 148/148 MP: 26/26
 31479 | Snake:4  | Reached skill level 15 in Fighting
 31501 | Snake:4  | Reached skill level 15 in Ranged Weapons
 31575 | Snake:4  | Identified the +5 long sword of the Badger {drain, Int+2}
 31780 | Snake:4  | Noticed Vashnia
 31785 | Snake:4  | Killed Vashnia
 31936 | Snake:4  | Got a serpentine rune of Zot
 32914 | Swamp:2  | Lost mutation: You are very weak. (Str -4) [potion of
                  | mutation]
 32914 | Swamp:2  | Lost mutation: You are weak. (Str -2) [potion of mutation]
 32914 | Swamp:2  | Gained mutation: You have a pair of small antennae on your
                  | head. [potion of mutation]
 32914 | Swamp:2  | Lost mutation: You expend magic power (3 MP) to strengthen
                  | your wands. [potion of mutation]
 32914 | Swamp:2  | Gained mutation: You have large cloven feet. [potion of
                  | mutation]
 33158 | Swamp:3  | Noticed Donald
 33167 | Swamp:3  | Killed Donald
 33385 | Swamp:3  | Noticed Mara
 33397 | Swamp:3  | Noticed gelatine's illusion
 33399 | Swamp:3  | Killed Mara
 33852 | Swamp:4  | Entered Level 4 of the Swamp
 34215 | Swamp:4  | Noticed the 27-headed Lernaean hydra
 34220 | Swamp:4  | Killed the 27-headed Lernaean hydra
 34324 | Swamp:4  | Gained mutation: You have a sharp stinger which inflicts
                  | weakening toxins. [demonic ancestry]
 34324 | Swamp:4  | Reached XP level 19. HP: 154/155 MP: 27/27
 34337 | Swamp:4  | Got a decaying rune of Zot
 34534 | Swamp:4  | Lost mutation: You have large cloven feet. [potion of
                  | mutation]
 34534 | Swamp:4  | Lost mutation: Your magical capacity is low. (-10% MP)
                  | [potion of mutation]
 34534 | Swamp:4  | Lost mutation: You occasionally shout uncontrollably at
                  | your foes. [potion of mutation]
 34534 | Swamp:4  | Gained mutation: You have hidden genetic defects. [potion
                  | of mutation]
 34534 | Swamp:4  | Gained mutation: Your magical capacity is low. (-10% MP)
                  | [potion of mutation]
 34534 | Swamp:4  | Gained mutation: You have sharp toenails. [potion of
                  | mutation]
 34892 | Elf:3    | Identified the "Iduow"
 34892 | Elf:3    | Identified the "Yskail"
 34892 | Zot:3    | Identified the of Joqej
 34892 | Slime:1  | Entered Level 1 of the Pits of Slime
 34921 | Slime:1  | Gained mutation: You are weak. (Str -2) [a shining eye]
 34924 | Slime:1  | Gained mutation: Your spells are a little easier to cast,
                  | but a little less powerful. [a shining eye]
 34931 | Slime:1  | Paralysed by a formless jellyfish for 1 turns
 35555 | Slime:4  | Noticed Dissolution
 36029 | Slime:3  | Gained mutation: You are dopey. (Int -2) [a shining eye]
 36034 | Slime:3  | Gained mutation: You are frail. (-10% HP) [a shining eye]
 36035 | Slime:3  | Gained mutation: You are very frail. (-20% HP) [a shining
                  | eye]
 36040 | Slime:3  | Killed Dissolution
 36356 | Slime:4  | Gained mutation: Your magical capacity is very low. (-20%
                  | MP) [hidden defects]
 36852 | Slime:3  | Annihilated by a rockslime

Illustrated notes

Levels and vault maps discovered:
D:1:      amcnicky_arrival_flooded_fountain, layout_basic, serial_rivers,
          chequers_serial_rivers_room_b, chequers_serial_rivers_small_3,
          chequers_serial_rivers_room_b, chequers_serial_rivers_micro_c,
          chequers_serial_rivers_large_a, chequers_serial_rivers_room_b
D:2:      layout_basic, basic_altar
D:3:      layout_basic, gammafunk_ghost_split, roderic_lattice_a,
          serial_bayou_pond_b, kennysheep_generic_room_8
D:4:      layout_cave_pools, lemuel_tele_altar, minmay_temple_entry_junction_2,
          chequers_serial_rivers_small_a, amcnicky_mini_pool_small, uniq_natasha
D:5:      layout_loops_ring, kennysheep_little_box
D:6:      layout_loops_corners, uniq_duvessa
D:7:      layout_basic, mainiacjoe_overflow_brackets, nicolae_shop_vocational
D:8:      layout_loops_cross, kennysheep_okawaru_gauntlet, chequers_mini_garden,
          amethyst_killhole, minmay_checkerbox
D:9:      minmay_shrinking_squares, layout_loops_cross,
          mainiacjoe_overflow_catwalk, lemuel_crystal_altar,
          general_overflow_altar, kennysheep_mini_moat, minmay_ruffians
D:10:     okawaru_arena_lexackson, layout_irregular_city, zin_academy
D:11:     layout_stronghold, dpeg_lair_monsters
D:12:     layout_loops_ring, kennysheep_orc_monster_closet_entryway,
          serial_shops, nicolae_shop_crystal, pond
D:13:     layout_loops_ring, ximxim_vaults_locker_room, wad_dig_loot
D:14:     layout_loops_cross, fedhas_altar_fruit_tree, hangedman_stone_soup,
          minivault_1
D:15:     hangedman_depths_entry_civil_slaughter, layout_basic, serial_glass,
          glass_columns_b, glass_columns_b, nicolae_tso_swordbearing_angel,
          lemuel_old_faithful
Temple:   compressed_dpeg_triangle_lava_temple
Lair:1:   layout_hall_layers, hibernation_bobbens, grunt_megastairs_4,
          infiniplex_staircase_pool_2, uniq_sonja
Lair:2:   lemuel_ratsnest, layout_chaotic_city,
          mainiacjoe_swamp_entry_angry_trees
Lair:3:   layout_misc_corridors, minmay_snake_entry_six_corridors,
          lemuel_fruit_fields, uniq_amaemon
Lair:4:   layout_regular_city, minmay_slime_entry_jelly_boxes, basic_altar
Lair:5:   minmay_lair_end_frog_pond, layout_loops_ring, serial_bayou_lake_a
Swamp:1:  layout_basic_swamp, evilmike_swamp_ruin_rubble_2,
          cheibrodos_swamp_witchery, uniq_kirke
Swamp:2:  layout_falls_marsh, nicolae_swamp_reclaimed_castle, swamp_pool_1_2,
          nicolae_swamp_necromancer_hut
Swamp:3:  layout_basic_swamp, nicolae_swamp_ascending_descending,
          infiniplex_staircase_pool, uniq_mara, uniq_donald
Swamp:4:  swamp_old_school, layout_basic_swamp, swamp_pool_5
Snake:1:  layout_honeycomb, hellmonk_ghost_happy_afterlife, evilmike_ambush
          [evilmike_ambush_outer_doors, evilmike_ambush_inner_pond],
          grunt_megastairs_3
Snake:2:  layout_layer_cave, serial_shops, shop, shop, grunt_megastairs_2
Snake:3:  layout_honeycomb
Snake:4:  grunt_snake_rune_serpentine_throne, layout_cave_town,
          serial_bayou_shore_b
Slime:1:  layout_caves
Slime:2:  layout_caves
Slime:3:  layout_caves
Slime:4:  layout_caves, uniq_dissolution
Orc:1:    layout_caves, mines2_david
Orc:2:    st_orc_ogre_mass, layout_caves, mines2_david
Elf:1:    layout_geoelf_diagonals, serial_shops, shop, shop, shop, shop,
          nicolae_lakefront_shop, minivault_28, uniq_aizul

Skill      XL: |  1  2  3  4  5  6  7  8  9 10 11 12 13 14 15 16 17 18 19 |
---------------+----------------------------------------------------------+-----
Ranged Weapons | 4 5 6 7 8 10 11 13 14 16 | 16.8
Evocations     | 1 2 3 4 |  4.7
Spellcasting   | 1 2 3 4 5 6 |  6.6
Stealth        | 1 2 3 4 |  4.1
Transmutations | 1 2 3 4 5 |  5.5
Armour         | 1 2 3 4 5 6 7 8 |  8.7
Dodging        | 2 3 4 5 7 8 9 |  9.9
Fighting       | 3 4 6 7 8 9 10 11 13 14 15 | 15.6
Shields        | 1 4 5 7 9 10 11 12 13 14 | 14.3
Invocations    | 4 6 9 11 13 14 15 16 | 16.0
Hexes          | 1 4 |  4.5
Translocations | 2 4 |  4.6
Unarmed Combat | |  0.3

Action                     |  1- 3 |  4- 6 |  7- 9 | 10-12 | 13-15 | 16-18 | 19-21 || total
---------------------------+-------+-------+-------+-------+-------+-------+-------++-------
  Melee: Sling             |       |       |       |       |       |     2 |       ||     2
         Unarmed           |       |       |       |       |       |       |     5 ||     5
         Hand cannon       |       |       |       |       |       |       |     1 ||     1
         Tailslap          |       |       |       |       |       |       |     1 ||     1
   Fire: Shortbow          |    86 |   182 |   330 |   497 |   366 |       |       ||  1461
         Sling             |       |       |       |       |  1237 |  1106 |       ||  2343
         Hand cannon       |       |       |       |       |       |   530 |   101 ||   631
   Cast: Wereblood         |       |     2 |    16 |    12 |    36 |    30 |     1 ||    97
 Invoke: Upheaval          |       |       |       |     1 |     2 |       |       ||     3
         Disaster Area     |       |       |       |       |     2 |     8 |     1 ||    11
         Elemental Force   |       |       |       |       |     1 |     4 |     1 ||     6
  Evoke: Wand              |       |       |       |    10 |     1 |     2 |       ||    13
         Tin of tremorston |       |       |       |     2 |       |     1 |       ||     3
         Lightning rod     |       |       |       |       |     1 |     5 |       ||     6
    Use: Scroll            |       |     7 |     6 |    13 |     7 |    10 |     3 ||    46
         Potion            |       |       |     1 |     8 |     5 |     5 |     5 ||    24
   Stab: Confused          |       |       |       |       |       |       |     3 ||     3
 Armour: Leather armour    |    32 |    67 |    71 |    96 |       |       |       ||   266
         Robe              |       |       |    33 |    27 |       |       |       ||    60
         Ring mail         |       |       |       |     2 |   552 |   443 |   123 ||  1120
  Dodge: Dodged            |    16 |    62 |   133 |   148 |   734 |   674 |    78 ||  1845
         Repelled          |       |       |       |       |     6 |    38 |     2 ||    46
  Block: Other             |       |       |     2 |    30 |    61 |     8 |     1 ||   102
         Buckler           |       |       |       |       |   624 |   554 |       ||  1178
         Tower shield      |       |       |       |       |       |   289 |       ||   289
         Kite shield       |       |       |       |       |       |   153 |   116 ||   269
         Reflection        |       |       |       |       |       |     3 |     2 ||     5

Table legend: (Time is in decaauts)
 A = Elapsed time spent in this place.
 B = Non-inter-level travel time spent in this place.
 C = Inter-level travel time spent in this place.
 D = Time resting spent in this place.
 E = Time spent auto-exploring this place.
 F = Levels seen in this place.
 G = Mean time per level.
                   A        B        C        D        E       F      G
               +--------+--------+--------+--------+--------+-----+--------+
         Total |  37072 |  34235 |   2837 |    139 |  26802 |  37 | 1001.9 |
       Dungeon |  15213 |  13856 |   1357 |      0 |  11118 |  15 | 1014.2 |
        Temple |     18 |      2 |     16 |      0 |      0 |   1 |   18.0 |
          Lair |   7300 |   6585 |    715 |      0 |   5118 |   5 | 1460.0 |
         Swamp |   4412 |   4259 |    153 |      0 |   3373 |   4 | 1103.0 |
     Snake Pit |   5208 |   4858 |    350 |      0 |   3735 |   4 | 1302.0 |
    Slime Pits |   1968 |   1872 |     96 |    139 |   1411 |   4 |  492.0 |
  Orcish Mines |   1056 |    938 |    118 |      0 |    702 |   2 |  528.0 |
   Elven Halls |   1480 |   1451 |     29 |      0 |   1218 |   1 | 1480.0 |
         Abyss |    412 |    412 |      0 |      0 |    125 |   1 |  412.0 |
               +--------+--------+--------+--------+--------+-----+--------+

Top non-repeatable levels by time:
  Lair:2: 2432 daAuts
    D:10: 1975 daAuts
 Swamp:1: 1941 daAuts
     D:9: 1582 daAuts
    D:11: 1560 daAuts
 Snake:4: 1514 daAuts
  Lair:3: 1511 daAuts
   Elf:1: 1480 daAuts
 Snake:2: 1461 daAuts
 Snake:1: 1260 daAuts
    D:13: 1159 daAuts
  Lair:5: 1133 daAuts
  Lair:4: 1115 daAuts
  Lair:1: 1108 daAuts
     D:3: 1081 daAuts
